 Dungeon Crawl Stone Soup version 0.30.1-9-gdf580d7c3d (webtiles) character file.

Game seed: 6728171291257075917

113064 bairyn the Sorcerer (level 16, -7/80 HPs)
             Began as a Deep Elf Summoner on Oct 12, 2023.
             Was the Champion of Cheibriados.
             Mangled by a +1 long sword of protection (11 damage)
             ... on level 1 of the Elven Halls on Oct 20, 2023.
             The game lasted 02:04:31 (33426 turns).

bairyn the Sorcerer (Deep Elf Summoner)            Turns: 33426, Time: 02:04:31

Health: -7/80      AC: 30    Str: 30    XL:     16   Next: 13%
Magic:  0/43       EV: 20    Int: 41    God:    Cheibriados [******]
Gold:   235        SH:  9    Dex: 43    Spells: 27/58 levels left

rFire   . . .        U - staff of air
rCold   + + .        D - +0 buckler {rC+}
rNeg    + . .        I - +10 plate armour of Mirth {rPois rC+ Str+6}
rPois   +            y - +1 helmet "Damnable Contraption" {Int-2 Dex+7 SInv}
rElec   +            u - +1 cloak "Xeisar" {rN+ Dex+4}
rCorr   +            G - +0 pair of gloves
SInv    +            O - +0 pair of boots
Will    +....        d - amulet of guardian spirit
Stlth   ++           m - ring of the Good {+Blink rPois rCorr Int+3}
HPRegen 0.33/turn    j - ring of poison resistance
MPRegen 0.28/turn

%: guardian spirit
@: studying Evocations, very slow
A: thin skeletal structure 1, shaggy fur 1
a: Renounce Religion, Evoke Blink, Bend Time, Temporal Distortion, Slouch, Step
From Time


You were on level 1 of the Elven Halls.
You worshipped Cheibriados.
Cheibriados was exalted by your worship.
You visited 5 branches of the dungeon, and saw 24 of its levels.
You also visited: Gauntlet.

You collected 3103 gold pieces.
You spent 2868 gold pieces at shops.

Inventory:

Hand Weapons
 b - a +3 dagger of venom
 c - a +1 dagger of holy wrath
 V - the +6 scimitar "Jykyurir" {freeze, *Noise rN++ Str+4 Int+3}
   (You found it in a Gauntlet)

   Str:       It affects your strength (+4).
   Int:       It affects your intelligence (+3).
   rN:        It greatly protects you from negative energy.
   *Noise:    It may make noises in combat.
Missiles
 g - 35 poisoned darts
 w - 2 throwing nets
 H - 5 silver javelins
 J - 6 curare-tipped darts
Armour
 f - +0 ice dragon scales
 s - a +3 scale mail
 u - the +1 cloak "Xeisar" (worn) {rN+ Dex+4}
   (You found it in a Gauntlet)

   Dex:       It affects your dexterity (+4).
   rN:        It protects you from negative energy.
 y - the +1 helmet "Damnable Contraption" (worn) {Int-2 Dex+7 SInv}
   (You bought it in a shop on level 11 of the Dungeon)

   Int:       It affects your intelligence (-2).
   Dex:       It affects your dexterity (+7).
   SInv:      It lets you see invisible.
 C - a +0 troll leather armour
 D - a +0 buckler of cold resistance (worn)
 G - a +0 pair of gloves (worn)
 I - the +10 plate armour of Mirth (worn) {rPois rC+ Str+6}
   (You took it off a minotaur in a Gauntlet)

   Str:       It affects your strength (+6).
   rC:        It protects you from cold.
   rPois:     It protects you from poison.
 O - a +0 pair of boots (worn)
Magical Staves
 a - the staff of fire "Bafiseiwn" {rF+ Int+4}
   (You found it on level 5 of the Lair of Beasts)

   [staff of fire]

   Base accuracy: +5 Base damage: 5 Base attack delay: 1.2 This weapon's minimum
   attack delay (0.6) is reached at skill level 12.
   Int:       It affects your intelligence (+4).
   rF:        It protects you from fire.
   It falls into the 'Staves' category.
   It is a one-handed weapon.
 U - a staff of air (weapon)
Jewellery
 d - an amulet of guardian spirit (around neck)
 h - an amulet of regeneration
 j - a ring of poison resistance (right hand)
 l - the amulet of Ignis's Favour {Acrobat rC++ Will+ Str-5 Stlth+}
   (You found it on level 12 of the Dungeon)

   [amulet of the acrobat]

   It increases your evasion while moving and waiting.
   Str:       It affects your strength (-5).
   rC:        It greatly protects you from cold.
   Will:      It increases your willpower.
   Stlth:     It makes you more stealthy.
 m - the ring of the Good (left hand) {+Blink rPois rCorr Int+3}
   (You bought it in a shop on level 2 of the Orcish Mines)

   [ring of poison resistance]

   Int:       It affects your intelligence (+3).
   rPois:     It protects you from poison.
   +Blink:    It lets you blink.
   rCorr:     It protects you from acid and corrosion.
 E - a ring of ice
 M - a ring of ice
 Q - a ring of fire
Wands
 k - a wand of iceblast (44)
 A - a wand of light (8)
 F - a wand of polymorph (4)
 L - a wand of flame (49)
 P - a wand of paralysis (1)
 W - a wand of mindburst (6)
Scrolls
 e - 4 scrolls of teleportation
 q - 2 scrolls of silence
 B - 3 scrolls of fog
Potions
 i - 4 potions of flight
 n - a potion of resistance
 o - 5 potions of curing
 p - 2 potions of might
 r - 3 potions of invisibility
 t - 3 potions of cancellation
 v - 3 potions of lignification
 x - a potion of heal wounds
 K - a potion of berserk rage
 R - 2 potions of magic
 S - 7 potions of ambrosia
 T - 4 potions of haste
 Y - a potion of brilliance
Miscellaneous
 X - a phantom mirror


   Skills:
 - Level 2.0 Fighting
 - Level 3.0 Short Blades
 - Level 1.0 Ranged Weapons
 - Level 1.0 Throwing
 + Level 5.7 Armour
 - Level 9.8 Dodging
 - Level 7.0 Stealth
 - Level 4.0 Shields
 * Level 21.5 Spellcasting
 - Level 1.0 Conjurations
 - Level 6.0 Hexes
 * Level 18.7 Summonings
 - Level 6.0 Translocations
 - Level 4.0 Air Magic
 - Level 4.0 Poison Magic
 * Level 4.1 Invocations
 - Level 8.0 Evocations


You had 27 spell levels left.
You knew the following spells:

 Your Spells              Type           Power      Damage    Failure   Level
f - Call Canine Familiar  Summ           100%       N/A       0%          3
g - Summon Guardian Gole  Hex/Summ       98%        N/A       1%          3
n - Summon Cactus Giant   Summ           57%        N/A       1%          6
t - Poisonous Vapours     Pois/Air       100%       N/A       1%          2
F - Summon Forest         Summ/Tloc      49%        N/A       1%          5
N - Summon Hydra          Summ           57%        N/A       1%          7
V - Summon Mana Viper     Hex/Summ       98%        N/A       1%          5

Your spell library contained the following spells:

 Spells                   Type           Power      Damage    Failure   Level
 Summon Small Mammal      Summ           100%       N/A       0%          1
 Call Imp                 Summ           100%       N/A       0%          2
 Lesser Beckoning         Tloc           100%       N/A       1%          2
 Gell's Gravitas          Tloc           75%        N/A       1%          3
 Teleport Other           Tloc           75%        N/A       1%          3
 Vhi's Electric Charge    Tloc/Air       100%       N/A       1%          3
 Summon Lightning Spire   Summ/Air       100%       N/A       1%          4
 Sting                    Tmut/Pois      100%       1d8       2%          1
 Cigotuvi's Dreadful Rot  Necr/Pois/Air  100%       N/A       2%          2
 Inner Flame              Hex/Fire       62%        N/A       4%          3
 Mephitic Cloud           Conj/Pois/Air  80%        N/A       4%          3
 Volatile Blastmotes      Fire/Tloc      100%       2d18      4%          3
 Passage of Golubria      Tloc           75%        N/A       4%          4
 Freeze                   Ice            100%       1d10      5%          1
 Necrotise                Necr           100%       1d9       5%          1
 Sublimation of Blood     Necr           44%        N/A       9%          2
 Wereblood                Tmut           44%        N/A       9%          2
 Olgreb's Toxic Radiance  Pois           67%        N/A       11%         4
 Hailstorm                Conj/Ice       48%        3d11      13%         3
 Fulminant Prism          Conj/Hex       32%        3d16      13%         4
 Iskenderun's Mystic Bla  Conj/Tloc      64%        2d13      13%         4
 Frozen Ramparts          Ice            88%        1d14      16%         3
 Ozocubu's Armour         Ice            44%        N/A       16%         3
 Silence                  Hex/Air        45%        N/A       19%         5
 Flame Wave               Conj/Fire      48%        2d12      41%         4
 Sticky Flame             Conj/Fire      48%        2d7       41%         4
 Animate Dead             Necr           44%        N/A       47%         4
 Dispel Undead            Necr           44%        3d17      47%         4
 Arcjolt                  Conj/Air       38%        1d48      47%         5
 Alistair's Intoxication  Tmut/Pois      38%        N/A       54%         5
 Freezing Cloud           Conj/Ice/Air   36%        6-21      58%         5
 Spellforged Servitor     Conj/Summ      45%        N/A       61%         7
 Haunt                    Necr/Summ      44%        N/A       67%         7
 Borgnjor's Vile Clutch   Necr/Erth      22%        N/A       83%         5
 Lee's Rapid Deconstruct  Erth           22%        3d12*     83%         5
 Eringya's Noxious Bog    Tmut/Pois      28%        N/A       98%         6
 Death Channel            Necr           22%        N/A       100%        6
 Orb of Destruction       Conj           25%        9d9       100%        7
 Ozocubu's Refrigeration  Ice            22%        4d12      100%        7
 Borgnjor's Revivificati  Necr           22%        N/A       100%        8
 Infestation              Necr           22%        N/A       100%        8
 Lehudib's Crystal Spear  Conj/Erth      24%        10d7      100%        8
 Maxwell's Capacitive Co  Air            43%        ∞         100%        8
 Necromutation            Tmut/Necr      22%        N/A       100%        8


Dungeon Overview and Level Annotations

Branches:
Dungeon (15/15)            Temple (1/1) D:5            Lair (5/5) D:8
 Shoals (0/4) Lair:3       Spider (0/4) Lair:2        Slime (0/5) Lair:4
    Orc (2/2) D:9             Elf (1/3) Orc:2        Vaults (0/5) D:14
 Depths (0/4) D:15        Gauntlet (visited)

Altars:
Ashenzari
Cheibriados
Dithmenos
Elyvilon
Fedhas
Gozag
Hepliaklqana
Kikubaaqudgha
Makhleb
Nemelex Xobeh
Okawaru
Qazlal
Ru
Sif Muna
Trog
Uskayaw
Vehumet
Wu Jian
Xom
Yredelemnul
Zin
The Shining One
Jiyva

Shops:
D:11 [   D:14 (   Orc:1 (   Orc:2 [**=(   Elf:1 =

Annotations:
Lair:4 2 transporters, dodging manual, exclusion: 2 oklob plants, Wiggles's ghost, journeyman MiBe
Elf:1 Agnes


Innate Abilities, Weirdness & Mutations

You have a somewhat thin skeletal structure. (Dex +2, Stealth+)
You are covered in fur. (AC +1)


Message History

Your warg barely misses the +1 long sword of protection.
The +1 long sword of protection hits you.
* * * LOW HITPOINT WARNING * * *
Your warg barely misses the +1 long sword of protection.
The +1 long sword of protection hits you!
* * * LOW HITPOINT WARNING * * *
There is a large open door here.
The +1 long sword of protection attacks as you move away!
The +1 long sword of protection hits you.
* * * LOW HITPOINT WARNING * * *
The +1 long sword of protection hits your warg!
Your warg completely misses the +1 long sword of protection.
The +1 long sword of protection hits your warg!!
Your warg misses the +1 long sword of protection.
The +1 long sword of protection hits your warg!
Your warg dies!
Your warg's corpse disappears in a puff of smoke!
Unknown command.
Okay, then.
Okay, then.
Unknown command.
As you read the scroll of summoning, it crumbles to dust.
Wisps of shadow whirl around you...
The +1 long sword of protection hits your deep elf zephyrmancer!
The +1 long sword of protection hits your fire elemental!
The +1 long sword of protection completely misses your fire elemental.
Your fire elemental misses the +1 long sword of protection.
The +1 long sword of protection hits your fire elemental!!
Your fire elemental is destroyed!
Your fire elemental dissolves into shadows!
Your deep elf zephyrmancer barely misses the +1 long sword of protection.
Your deep elf pyromancer closely misses the +1 long sword of protection.
Your deep elf zephyrmancer misses the +1 long sword of protection.
Unknown command.
The +1 long sword of protection hits you.
The +1 long sword of protection hits you!
* * * LOW HITPOINT WARNING * * *
Your deep elf zephyrmancer hits the +1 long sword of protection but does no damage.
The +1 long sword of protection hits you!
You die...

###### # ##....###### #
#.....e'...# ##
######......' ..# #÷
....'.....e #.####.
#..)'..... #...#).
#..##...e# #..##.# ##''##
#e#####..##). ##.ee@##
#ee..§...###.
#...(..###.######+###.
#......'...##......###
..'......'...))......###
...'......##''##......##.
#.##...........#......##.
#. ##.................#..
# ##...#...............
##.##......#........


You could see a +1 long sword of protection (ally target), a friendly deep elf
pyromancer (summoned) and a friendly deep elf zephyrmancer (summoned).

Vanquished Creatures
  A catoblepas (Lair:5)
  A boulder beetle (D:14)
  An orc high priest (Orc:2)
  Sonja (Orc:1)
  3 ugly things
  An orc sorcerer (Orc:2)
  A deep elf pyromancer (Elf:1)
  A manticore (D:11)
  4 cyclopes
  4 elephants
  A black mamba (Lair:1)
  A cane toad (Lair:5)
  3 rime drakes
  Psyche (D:9)
  An efreet (Gauntlet)
  2 komodo dragons
  A polar bear (Lair:3)
  2 trolls
  2 meliai (Lair:4)
  A queen bee (Lair:4)
  A slime creature (D:15)
  Sigmund (D:2)
  An air elemental (Elf:1)
  6 yaks
  4 wyverns
  2 humans (D:14)
  A steam dragon (D:8)
  4 basilisks
  6 water moccasins
  A sky beast (D:8)
  3 orc warriors
  2 boggarts (D:14)
  A black bear (Lair:1)
  An ogre (D:15)
  3 wolves (Lair:4)
  A centaur (D:5)
  A kobold brigand (D:8)
  4 bullfrogs
  4 killer bees
  2 howler monkeys (D:8)
  3 hounds
  2 jellies
  5 orc priests
  A gnoll bouda (Orc:1)
  2 iguanas
  2 orc wizards
  2 adders
  4 gnolls
  2 worms
  A dart slug (D:3)
  12 orcs
  4 endoplasms
  A giant cockroach (D:1)
  A goblin (D:3)
  2 hobgoblins
  3 jackals (D:2)
  A quokka (D:2)
  2 ball pythons (D:1)
  2 bats (D:1)
  A frilled lizard (D:8)
  6 kobolds
  3 rats
144 creatures vanquished.

Vanquished Creatures (collateral kills)
  Rupert (D:14)
  Kirke (D:13)
  A juggernaut zombie (D:15)
  A deep elf demonologist (Elf:1)
  A deep elf annihilator (Elf:1)
  A minotaur (Gauntlet)
  A deep elf death mage (Elf:1)
  A rakshasa (D:13)
  5 hydras
  An ogre mage (D:15)
  A spriggan skeleton (D:15)
  4 two-headed ogres
  2 centaur warriors
  3 dancing weapons (Elf:1)
  A deep troll shaman (Lair:5)
  A tengu warrior (D:13)
  2 boulder beetles
  6 death yaks
  5 orc high priests (Orc:2)
  3 deep elf knights (Elf:1)
  3 skysharks
  A fire crab (shapeshifter) (D:14)
  A goliath frog (shapeshifter) (D:13)
  2 skeletal warriors (D:15)
  A glowing orange brain (shapeshifter) (D:14)
  A phantasmal warrior (D:15)
  2 deep elf archers (Elf:1)
  2 spectral wolf spiders (D:12)
  8 deep elf pyromancers
  2 harpies (Lair:3)
  An orc knight (D:14)
  A lindwurm (Lair:3)
  6 deep elf zephyrmancers (Elf:1)
  A necromancer (D:15)
  13 ugly things
  4 cyclopes
  3 manticores
  6 nameless horrors
  A manticore (shapeshifter) (Elf:1)
  2 orc sorcerers
  5 elephants
  A fire giant skeleton (D:15)
  A cyclops (shapeshifter) (D:15)
  A black mamba (Lair:5)
  2 spectral centaurs (D:12)
  4 cane toads
  A stone giant skeleton (D:15)
  A gargoyle (D:11)
  A torpor snail (Gauntlet)
  An unseen horror (D:12)
  7 komodo dragons
  2 freezing wraiths
  5 rime drakes (Lair:5)
  3 trolls (D:12)
  A meliai (Lair:4)
  A polar bear (Lair:1)
  3 blink frogs (Lair:4)
  An air elemental (Elf:1)
  10 slime creatures
  2 shadows
  2 centaur simulacra (D:12)
  3 basilisks
  5 wraiths
  2 vampires
  10 wyverns
  12 humans
  10 yaks
  3 fire elementals
  6 hogs (D:13)
  10 vampire mosquitoes
  A redback (Lair:2)
  5 wargs
  An acid dragon (D:12)
  5 water moccasins
  A hell hound (Gauntlet)
  10 orc warriors
  An ice beast (D:8)
  2 black bears
  3 ogres (Orc:2)
  18 wolves
  A boggart (D:14)
  2 centaurs
  A gnoll sergeant (D:9)
  An earth elemental (Elf:1)
  6 bullfrogs
  2 wights
  21 killer bees
  4 howler monkeys
  The ghost of Psyclone the Conjurer, a weakling DECj (D:4)
  A hound (D:5)
  33 orc priests
  A sleepcap (D:8)
  Ijyb (D:3)
  10 hell rats
  10 orc wizards
  Robin (D:3)
  13 gnolls
  6 adders
  3 worms
  63 orcs
  4 ball pythons
  4 bats
  5 endoplasms
  2 giant cockroaches
  16 goblins
  5 hobgoblins
  A jackal (D:2)
  6 kobolds
  2 quokkas
  5 rats
497 creatures vanquished.

Vanquished Creatures (others)
  The ghost of Tinen the Brawler, a journeyman TrMo of Wu Jian (D:12)
  3 hydras
  A death yak (Lair:4)
  A catoblepas (Lair:5)
  5 two-headed ogres
  A deep elf knight (Elf:1)
  A harpy (Lair:3)
  A necromancer (Gauntlet)
  An oklob plant (Lair:4)
  A deep elf zephyrmancer (Elf:1)
  4 ugly things (D:14)
  2 cyclopes
  A spectral centaur (D:12)
  4 elephants
  A centaur zombie (D:12)
  A hog (D:13)
  13 yaks
  4 wyverns
  A water moccasin (Lair:1)
  2 ice beasts (D:5)
  7 orc warriors
  An ogre (D:7)
  3 wolves
  3 wights (D:7)
  A killer bee (Lair:4)
  A howler monkey (D:10)
  2 gnoll boudas
  7 gnolls
  2 orcs
76 creatures vanquished.

Grand Total: 717 creatures vanquished

Notes
Turn   | Place    | Note
-------+----------+-------------------------------------------
     0 | D:1      | bairyn the Deep Elf Summoner began the quest for the Orb.
     0 | D:1      | Reached XP level 1. HP: 10/10 MP: 6/6
   132 | D:1      | Reached XP level 2. HP: 15/15 MP: 8/8
   879 | D:2      | Reached XP level 3. HP: 3/19 MP: 7/10
   917 | D:2      | Learned a level 3 spell: Call Canine Familiar
   921 | D:2      | Learned a level 3 spell: Summon Guardian Golem
  1156 | D:2      | Reached skill level 1 in Ranged Weapons
  1156 | D:2      | Reached skill level 1 in Throwing
  1173 | D:2      | Found an iron altar of Okawaru.
  1524 | D:2      | Noticed Sigmund
  1539 | D:2      | Gained mutation: You have a somewhat thin skeletal
                  | structure. (Dex +2, Stealth+) [potion of mutation]
  1539 | D:2      | Gained mutation: You are covered in fur. (AC +1) [potion of
                  | mutation]
  2054 | D:3      | Found the +12 glaive of Prune {freeze, Prune}
  2074 | D:3      | Reached XP level 4. HP: 24/24 MP: 4/11
  2180 | D:3      | Reached skill level 1 in Hexes
  2262 | D:3      | Noticed Robin
  2274 | D:3      | Killed Robin
  2275 | D:3      | Reached skill level 1 in Short Blades
  2456 | D:3      | Found a blossoming altar of Fedhas.
  2478 | D:3      | Noticed Ijyb
  2501 | D:5      | Entered Level 5 of the Dungeon
  2517 | D:5      | Found the +7 Throatcutter {drain, coup de grace}
  2525 | D:5      | Found a staircase to the Ecumenical Temple.
  2525 | D:5      | Noticed a centaur
  2532 | Temple   | Entered the Ecumenical Temple
  2614 | Temple   | Became a worshipper of Cheibriados the Contemplative
  2629 | D:5      | Noticed an ice beast
  2644 | D:5      | Killed an ice beast
  2645 | D:5      | Reached skill level 1 in Armour
  2645 | D:5      | Reached skill level 4 in Spellcasting
  2645 | D:5      | Reached skill level 5 in Summonings
  2645 | D:5      | Reached XP level 5. HP: 28/28 MP: 3/13
  2658 | D:5      | Killed a centaur
  2659 | D:5      | Reached skill level 1 in Shields
  2659 | D:5      | Reached skill level 1 in Invocations
  2659 | D:5      | Reached skill level 1 in Evocations
  2659 | D:5      | Reached XP level 6. HP: 27/33 MP: 2/14
  2871 | D:3      | Killed Ijyb
  2982 | D:3      | Reached skill level 1 in Fighting
  3347 | D:4      | Found a burning altar of Makhleb.
  3381 | D:4      | Found a shadowy altar of Dithmenos.
  3635 | D:4      | Reached * piety under Cheibriados
  3935 | D:4      | Found a large runed translucent door.
  3935 | D:4      | Found a large runed translucent door.
  3937 | D:4      | Noticed Psyclone's ghost (weakling DECj)
  4372 | D:5      | Noticed an ice beast
  4424 | D:5      | Killed an ice beast
  4425 | D:5      | Reached XP level 7. HP: 36/38 MP: 1/16
  4574 | D:5      | Reached skill level 5 in Spellcasting
  4871 | D:5      | Found a hazy altar of Hepliaklqana.
  4872 | D:5      | Found a hide-covered altar of Uskayaw.
  5779 | D:2      | Killed Sigmund
  5779 | D:2      | Reached ** piety under Cheibriados
  5916 | D:2      | Found an iron altar of Okawaru.
  6421 | D:4      | Killed Psyclone's ghost
  6895 | D:6      | Reached XP level 8. HP: 44/44 MP: 9/18
  7088 | D:6      | Found a sacrificial altar of Ru.
  7424 | D:7      | Reached skill level 6 in Spellcasting
  8056 | D:7      | Found an iron altar of Okawaru.
  8543 | D:7      | Learned a level 2 spell: Poisonous Vapours
  8553 | D:8      | Learned a level 7 spell: Summon Hydra
  8767 | D:8      | Reached skill level 5 in Stealth
  8767 | D:8      | Reached skill level 1 in Air Magic
  8805 | D:8      | Reached skill level 7 in Spellcasting
  8833 | D:8      | Reached skill level 1 in Poison Magic
  8888 | D:8      | Reached XP level 9. HP: 39/48 MP: 21/21
  8917 | D:8      | Reached skill level 5 in Evocations
  8945 | D:8      | Reached *** piety under Cheibriados
  8946 | D:8      | Reached skill level 5 in Dodging
  9386 | D:8      | Found a shimmering altar of Xom.
  9478 | D:8      | Found a staircase to the Lair.
  9549 | D:9      | Reached skill level 8 in Spellcasting
  9738 | D:9      | Noticed Psyche
  9759 | D:9      | Killed Psyche
  9819 | D:10     | Entered Level 10 of the Dungeon
  9832 | D:9      | Found a staircase to the Orcish Mines.
  9932 | D:10     | Found a bloodstained altar of Trog.
 10012 | D:10     | Reached XP level 10. HP: 43/53 MP: 8/24
 10013 | D:10     | Reached **** piety under Cheibriados
 10226 | D:9      | Reached skill level 9 in Spellcasting
 11192 | D:10     | Found a radiant altar of Vehumet.
 11265 | D:11     | Noticed a cyclops
 11267 | D:11     | Killed a cyclops
 11629 | D:11     | Noticed a manticore
 11632 | D:11     | Killed a manticore
 11641 | D:10     | Reached skill level 10 in Spellcasting
 11748 | D:11     | Noticed a two-headed ogre
 11756 | D:11     | Killed a two-headed ogre
 11804 | D:12     | Noticed a two-headed ogre
 11829 | D:12     | Noticed a cyan ugly thing
 11837 | D:12     | Killed a two-headed ogre
 11838 | D:12     | Reached XP level 11. HP: 57/57 MP: 20/27
 11842 | D:12     | Noticed a white ugly thing
 11852 | D:11     | Killed a cyan ugly thing
 11853 | D:11     | Reached skill level 10 in Summonings
 11878 | D:11     | Noticed a two-headed ogre
 11887 | D:11     | Killed a two-headed ogre
 11888 | D:11     | Reached skill level 11 in Spellcasting
 12044 | D:11     | Reached ***** piety under Cheibriados
 12480 | D:11     | Found Muistrak's Antique Armour Emporium.
 12608 | D:11     | Noticed a two-headed ogre
 12614 | D:11     | Killed a two-headed ogre
 12615 | D:11     | Reached skill level 12 in Spellcasting
 12635 | D:11     | Identified the +5 spear of Crusades {heavy, MP+9}
 12865 | Orc:1    | Entered Level 1 of the Orcish Mines
 12991 | Orc:2    | Entered Level 2 of the Orcish Mines
 13078 | Orc:1    | Noticed Sonja
 13089 | Orc:1    | Paralysed by Sonja for 4 turns
 13095 | Orc:1    | Killed Sonja
 13176 | Orc:1    | Noticed a two-headed ogre
 13186 | Orc:1    | Killed a two-headed ogre
 13448 | Orc:1    | Found Jaeneeq's Weapon Boutique.
 13894 | Orc:2    | Noticed an orc high priest
 14003 | Orc:2    | Noticed a soul eater
 14003 | Orc:2    | Noticed a sixfirhy
 14215 | Orc:2    | Killed an orc high priest
 14216 | Orc:2    | Reached skill level 13 in Spellcasting
 14328 | Orc:2    | Noticed an orc sorcerer
 14366 | Orc:2    | Killed an orc sorcerer
 14367 | Orc:2    | Noticed an orc high priest
 14372 | Orc:2    | Killed an orc high priest
 14540 | Orc:2    | Found Kaum's Antique Armour Shoppe.
 14596 | Orc:2    | Noticed an orc high priest
 14604 | Orc:2    | Killed an orc high priest
 14605 | Orc:2    | Reached XP level 12. HP: 58/62 MP: 24/31
 14614 | Orc:2    | Found a staircase to the Elven Halls.
 14976 | Orc:2    | Noticed an orc high priest
 15120 | Orc:1    | Reached ****** piety under Cheibriados
 15129 | Orc:2    | Killed an orc high priest
 15323 | Orc:2    | Noticed an orc high priest
 15440 | Orc:2    | Killed an orc high priest
 15578 | Orc:2    | Found Eherull's Antique Weapon Boutique.
 15578 | Orc:2    | Found Huihecim's Jewellery Shoppe.
 15593 | Orc:2    | Reached skill level 14 in Spellcasting
 15671 | Orc:2    | Found Dyhyh's Assorted Antiques.
 15671 | Orc:2    | Found Jis Rush's Assorted Antiques.
 15692 | Orc:2    | Noticed an orc high priest
 15944 | Orc:2    | Bought a lumpy black potion for 36 gold pieces
 16105 | Orc:2    | Killed an orc high priest
 16184 | Orc:2    | Found Eherull's Antique Weapon Boutique.
 16184 | Orc:2    | Found Huihecim's Jewellery Shoppe.
 16296 | Orc:2    | Found Dyhyh's Assorted Antiques.
 16296 | Orc:2    | Found Jis Rush's Assorted Antiques.
 16325 | Orc:2    | Found a staircase to the Elven Halls.
 16566 | Orc:2    | Found Kaum's Antique Armour Shoppe.
 16714 | Lair:1   | Entered Level 1 of the Lair of Beasts
 17143 | Lair:2   | Reached skill level 15 in Spellcasting
 17378 | Lair:1   | Found a broken altar of Ashenzari.
 17498 | Lair:1   | Reached skill level 1 in Conjurations
 17839 | Lair:1   | Reached skill level 16 in Spellcasting
 17839 | Lair:1   | Reached XP level 13. HP: 66/66 MP: 29/35
 18705 | Lair:2   | Found a hole to the Spider Nest.
 19563 | Lair:3   | Found a staircase to the Shoals.
 20440 | Lair:5   | Entered Level 5 of the Lair of Beasts
 20546 | Lair:5   | Reached skill level 17 in Spellcasting
 20601 | Lair:4   | Noticed Wiggles's ghost (journeyman MiBe)
 20613 | Lair:4   | Found a transporter.
 20618 | Lair:4   | Found a transporter.
 20624 | Lair:4   | Reached skill level 15 in Summonings
 21634 | Lair:4   | Found a staircase to the Slime Pits.
 21680 | Lair:4   | Reached skill level 18 in Spellcasting
 21917 | Lair:4   | Found a viscous altar of Jiyva.
 22388 | Lair:5   | Reached XP level 14. HP: 72/72 MP: 29/38
 23540 | Lair:5   | Identified the staff of fire "Bafiseiwn" {rF+ Int+4}
 23815 | D:11     | Bought a twisted helmet for 256 gold pieces
 23815 | D:11     | Identified the +1 helmet "Damnable Contraption" {Int-2
                  | Dex+7 SInv} (You bought it in a shop on level 11 of the
                  | Dungeon)
 23815 | D:11     | Bought ice dragon scales for 1620 gold pieces
 24371 | D:12     | Found a runed translucent gate.
 24372 | D:12     | Found a runed translucent gate.
 24372 | D:12     | Found a runed translucent gate.
 24377 | D:12     | Noticed Tinen's ghost (journeyman TrMo)
 24417 | D:12     | Reached skill level 19 in Spellcasting
 25061 | D:14     | Found a gate leading to a gauntlet.
 25078 | Gauntlet | Entered a Gauntlet
 25078 | Gauntlet | Found a transporter.
 25176 | Gauntlet | Found a transporter.
 25183 | Gauntlet | Found a transporter.
 25198 | Gauntlet | Found a transporter.
 25203 | Gauntlet | Found a transporter.
 25218 | Gauntlet | Found a transporter.
 25237 | Gauntlet | Found a transporter.
 25249 | Gauntlet | Found a transporter.
 25261 | Gauntlet | Found a transporter.
 25273 | Gauntlet | Found a transporter.
 25285 | Gauntlet | Found a transporter.
 25302 | Gauntlet | Found a transporter.
 25320 | Gauntlet | Found a transporter.
 25322 | Gauntlet | Found a transporter.
 25425 | Gauntlet | Found a transporter.
 25445 | Gauntlet | Found a transporter.
 25561 | Gauntlet | Found a transporter.
 25589 | Gauntlet | Found a transporter.
 26008 | Gauntlet | Got the Quarto of Spectres
 26009 | Gauntlet | Identified the +1 cloak "Xeisar" {rN+ Dex+4}
 26031 | Gauntlet | Identified a scroll of acquirement
 26086 | Gauntlet | Identified the +10 plate armour of Mirth {rPois rC+ Str+6}
 26127 | Gauntlet | Identified the +6 scimitar "Jykyurir" {freeze, *Noise rN++
                  | Str+4 Int+3}
 26191 | D:14     | Acquired 641 gold pieces
 26407 | Orc:2    | Bought the ring of the Good {+Blink rPois rCorr Int+3} for
                  | 596 gold pieces
 26687 | D:12     | Learned a level 5 spell: Summon Forest
 26694 | D:12     | Learned a level 6 spell: Summon Cactus Giant
 26700 | D:12     | Learned a level 5 spell: Summon Mana Viper
 27077 | D:12     | Reached skill level 1 in Translocations
 27077 | D:12     | Killed Tinen's ghost
 27080 | D:12     | Reached skill level 20 in Spellcasting
 27090 | D:12     | Identified the amulet of Ignis's Favour {Acrobat rC++ Will+
                  | Str-5 Stlth+}
 27185 | D:13     | Reached XP level 15. HP: 76/76 MP: 31/41
 27416 | D:14     | Noticed Rupert
 27416 | D:14     | Found a gate to the Vaults.
 28049 | D:13     | Noticed Kirke
 28447 | D:13     | Killed Kirke
 28781 | D:14     | Reached skill level 5 in Hexes
 29239 | D:14     | Killed Rupert
 29681 | D:15     | Entered Level 15 of the Dungeon
 30131 | D:14     | Found Sidafu's Weapon Shoppe.
 30176 | D:14     | Reached skill level 5 in Translocations
 30430 | D:15     | Found a stormy altar of Qazlal.
 31063 | D:15     | Reached skill level 5 in Armour
 31576 | D:15     | Reached skill level 21 in Spellcasting
 31740 | D:15     | Found a staircase to the Depths.
 32344 | Elf:1    | Entered Level 1 of the Elven Halls
 32594 | Elf:1    | Found a radiant altar of Vehumet.
 32969 | Elf:1    | Paralysed by an air elemental for 1 turns
 32972 | Elf:1    | Paralysed by an air elemental for 1 turns
 33081 | Elf:1    | Reached XP level 16. HP: 80/80 MP: 19/43
 33199 | Elf:1    | Found Uvyboed's Jewellery Emporium.
 33238 | Elf:1    | Bought an amulet of guardian spirit for 360 gold pieces
 33243 | Elf:1    | Noticed Agnes
 33426 | Elf:1    | HP: 4/80 [+1 long sword of protection (12)]
 33426 | Elf:1    | Mangled by a +1 long sword of protection

Illustrated notes

Levels and vault maps discovered:
D:1:      dpeg_arrival_central, layout_rooms
D:2:      layout_basic, basic_altar, serial_bayou_crossing, uniq_sigmund
D:3:      layout_loops_ring, general_overflow_altar, minmay_circle_x,
          uniq_robin, uniq_ijyb
D:4:      cheibrodos_greedy_goblins, layout_basic, lemuel_crystal_altar,
          mainiacjoe_overflow_catwalk, ebering_ghost_disaster_area
D:5:      layout_basic, mainiacjoe_overflow_divided_tiny,
          minmay_temple_entry_wispy
D:6:      layout_basic, mainiacjoe_overflow_alcove_1
D:7:      layout_basic, overflow_temple_1_default
D:8:      layout_rooms, tgw_xom, lair_entry_dummy
D:9:      layout_loops_corners, david_orc_5, uniq_psyche
D:10:     layout_basic, trog_book, lemuel_round_altar
D:11:     layout_cave_pools, serial_shops, nicolae_square_shop
D:12:     minmay_s_stair_smasher, layout_cave_pools, gammafunk_ghost_necromancy
D:13:     layout_gridville, uniq_kirke
D:14:     minmay_distorted_concentric_squares, layout_small_grid,
          david_vaults_3, serial_shops, nicolae_square_shop,
          gauntlet_entry_generic
D:15:     gammafunk_depths_entry_grave, layout_gridville,
          nicolae_qazlal_style_of_elements
Temple:   nicolae_temple_hex_pool
Lair:1:   layout_regular_city, basic_altar, infiniplex_staircase_pool
Lair:2:   layout_cave_pods, spider_nest_entry_webs
Lair:3:   layout_regular_city, nicolae_shoals_entry_roost,
          nicolae_lair_lindhole, grunt_megastairs_1, serial_bayou_shore_b,
          lemuel_fruit_tree, serial_bayou_shore_b
Lair:4:   layout_roguey, minmay_slime_entry_oklob_open, gammafunk_ghost_arena,
          special_room [special_room_bee], grunt_megastairs_4
Lair:5:   grunt_lair_end_beastmaster, layout_gridlike, special_room
          [special_room_mythical_zoo]
Orc:1:    layout_diamond_mine, serial_shops, shop, uniq_sonja
Orc:2:    st_orc_town, layout_caves, serial_shops, nicolae_shop_peninsula,
          lightli_orcish_oven
Elf:1:    eino_elf_arrival_altar, layout_gridlike, serial_shops, shop,
          minmay_elf_demonology, uniq_agnes

Skill      XL: |  1  2  3  4  5  6  7  8  9 10 11 12 13 14 15 16 |
---------------+-------------------------------------------------+-----
Ranged Weapons | 1 |  1.0
Throwing       | 1 |  1.0
Hexes          | 1 2 3 4 6 |  6.0
Short Blades   | 1 2 3 |  3.0
Stealth        | 3 4 5 6 7 |  7.0
Armour         | 1 3 4 5 |  5.7
Dodging        | 3 4 5 7 9 |  9.8
Spellcasting   | 4 5 7 8 10 13 16 18 20 21 | 21.5
Summonings     | 5 6 7 8 9 12 14 15 17 18 | 18.7
Shields        | 1 4 |  4.0
Invocations    | 1 2 3 4 |  4.1
Evocations     | 1 2 3 4 6 8 |  8.0
Fighting       | 1 2 |  2.0
Air Magic      | 1 3 4 |  4.0
Poison Magic   | 1 3 4 |  4.0
Conjurations   | 1 |  1.0
Translocations | 1 6 |  6.0

Action                     |  1- 3 |  4- 6 |  7- 9 | 10-12 | 13-15 | 16-18 || total
---------------------------+-------+-------+-------+-------+-------+-------++-------
  Melee: Dagger            |    77 |    65 |   102 |   192 |   155 |       ||   591
         Punch             |     1 |     1 |     1 |     5 |     1 |       ||     9
         Staff             |       |       |       |       |    21 |     1 ||    22
         Scimitar          |       |       |       |       |     3 |       ||     3
   Cast: Summon Small Mamm |    35 |       |       |       |       |       ||    35
         Call Canine Famil |     6 |    18 |    33 |    79 |   107 |     3 ||   246
         Summon Guardian G |     2 |    10 |    35 |    84 |   124 |     1 ||   256
         Poisonous Vapours |       |       |    27 |   109 |    60 |       ||   196
         Summon Hydra      |       |       |       |     3 |   170 |    12 ||   185
         Summon Mana Viper |       |       |       |       |    22 |     1 ||    23
         Summon Cactus Gia |       |       |       |       |     1 |       ||     1
         Summon Forest     |       |       |       |       |     2 |     1 ||     3
  Evoke: Wand              |       |       |       |     4 |     3 |     4 ||    11
    Use: Potion            |     2 |       |       |     8 |     3 |       ||    13
         Scroll            |     1 |     9 |     5 |    10 |    20 |     5 ||    50
   Stab: Sleeping          |     4 |     4 |    12 |     4 |     4 |       ||    28
         Distracted        |       |     1 |     1 |     7 |     7 |       ||    16
         Invisible         |       |       |       |     1 |       |       ||     1
         Betrayed ally     |       |       |       |       |     1 |       ||     1
 Armour: Robe              |    30 |    17 |    24 |    14 |       |       ||    85
         Troll leather arm |       |       |       |    28 |       |       ||    28
         Scale mail        |       |       |       |    35 |    59 |       ||    94
         Skin              |       |       |       |     8 |       |       ||     8
         Ice dragon scales |       |       |       |       |    20 |       ||    20
         Plate armour      |       |       |       |       |    77 |    11 ||    88
  Dodge: Dodged            |    67 |    70 |    74 |   345 |   431 |    31 ||  1018
  Block: Buckler           |       |       |       |       |    40 |     9 ||    49
